 Dungeon Crawl Stone Soup version 0.29.1-13-g9f3cf754e1 (webtiles) character file.

Game seed: 4518893007301785586

9 KyoPewz the Vexing (level 2, 0/11 HPs)
             Began as a Felid Enchanter on Feb 10, 2023.
             Slain by a hobgoblin
             ... wielding a +0 trident
              (6 damage)
             ... on level 1 of the Dungeon.
             The game lasted 00:02:09 (452 turns).

KyoPewz the Vexing (Felid Enchanter)                 Turns: 452, Time: 00:02:09

Health: 0/11       AC:  1    Str:  4    XL:     2   Next: 6%
Magic:  6/6        EV: 17    Int: 16    God:
Gold:   26         SH:  0    Dex: 16    Spells: 3/5 levels left
                                        Lives:  0   Deaths: 0

rFire   . . .      SeeInvis +     - Unarmed
rCold   . . .      Faith    .   (shield unavailable)
rNeg    . . .      Spirit   .   (body armour unavailable)
rPois   .          Reflect  .   (helmet unavailable)
rElec   .          Harm     .   (cloak unavailable)
rCorr   .          Rampage  .   (gloves unavailable)
Will    .....                   (boots unavailable)
Stlth   +++.......              (no amulet)
HPRegen 0.03/turn               (no ring)
MPRegen 0.10/turn               (no ring)

@: quick
A: very small, claws 1, fangs 3, see invisible, speed 1, shaggy fur 1, stealthy
paws, no weapons or thrown items, no armour, multi-lived
a: no special abilities


You were on level 1 of the Dungeon.
You visited 1 branch of the dungeon, and saw 1 of its levels.

You collected 26 gold pieces.

Inventory:

Scrolls
 b - a scroll of teleportation {unknown}
 c - a scroll of fear {unknown}
Potions
 a - 2 potions of invisibility


   Skills:
 - Level 2.6 Dodging
 - Level 4.0 Stealth
 * Level 2.1 Unarmed Combat
 - Level 2.0 Spellcasting
 - Level 4.4 Hexes
 + Level 0.0 Ice Magic


You had 3 spell levels left.
You knew the following spells:

 Your Spells              Type           Power      Damage    Failure   Level
a - Ensorcelled Hibernat  Hex/Ice        16%        N/A       13%         2

Your spell library contained the following spells:

 Spells                   Type           Power      Damage    Failure   Level
 Confusing Touch          Hex            15%        N/A       11%         3
 Tukima's Dance           Hex            15%        N/A       11%         3
 Dazzling Flash           Conj/Hex       16%        N/A       26%         3


Dungeon Overview and Level Annotations

Branches:
Dungeon (1/15)

Altars:


Innate Abilities, Weirdness & Mutations

You have sharp claws.
You have razor-sharp teeth.
You have supernaturally acute eyesight. (SInv)
You cover ground quickly. (Speed+)
You are covered in fur. (AC +1)
Your paws help you pounce on unaware monsters.
You are incapable of wielding weapons or throwing items.
You cannot wear armour.
You gain extra lives every three experience levels.


Message History

Found a murky brown potion.
The hobgoblin shouts!
You scratch the hobgoblin but do no damage.
The jackal barks! x2
The hobgoblin misses you.
Press: ? - help, v - describe, . - travel
Here: a hobgoblin, wielding a +0 trident, wearing a +0 leather armour, wearing a +6 ring of strength and quivering stones The floor.
The jackal attacks as you move away! The jackal bites you.
You scratch the jackal.
The jackal is severely wounded.
The jackal completely misses you.
You scratch the jackal but do no damage.
You bite the jackal.
The jackal is almost dead.
The jackal closely misses you.
You barely miss the jackal. Your claw misses the jackal.
The jackal is almost dead.
The jackal completely misses you. The jackal misses you.
You scratch the jackal.
You kill the jackal!
You scratch the jackal but do no damage.
The jackal closely misses you. The jackal attacks as you move away!
The jackal closely misses you. The jackal closely misses you.
You miss the jackal. The jackal barely misses you.
The jackal attacks as you move away! The jackal barely misses you.
The jackal barely misses you. The jackal attacks as you move away!
The jackal bites you. The jackal attacks as you move away!
The jackal barely misses you. The jackal attacks as you move away!
The jackal bites you. The jackal misses you.
The jackal attacks as you move away! The jackal misses you.
You scratch the jackal but do no damage.
The jackal misses you.
You barely miss the jackal. The jackal closely misses you.
You barely miss the jackal. The jackal misses you.
The hobgoblin hits you from afar with a +0 trident.
Ouch! That really hurt!
You die...

####.#.......#
#....#######.#
#.#....#...#.#
###.#.##.#.....#
##......#.#.....#
###.......#.#....÷#
†.#..#.##...#.....#
#........#####...##
#####..#.....rgh@####
...r...#..#######...#
.#####.#...# #...# †#
#.##..######...# .
.#####.#...........)# ..
r##>...####.........###.#.
.##..#.###.................
..................##.####..
...g.....##..........####..


You could see a jackal, a hobgoblin and a rat.

Vanquished Creatures
  A goblin (D:1)
  A jackal (D:1)
  A quokka (D:1)
  2 ball pythons (D:1)
  A bat (D:1)
  2 kobolds (D:1)
  A rat (D:1)
9 creatures vanquished.

Notes
Turn   | Place    | Note
-------+----------+-------------------------------------------
     0 | D:1      | KyoPewz the Felid Enchanter began the quest for the Orb.
     0 | D:1      | Reached XP level 1. HP: 7/7 MP: 4/4
   402 | D:1      | Reached XP level 2. HP: 11/11 MP: 6/6
   406 | D:1      | Learned a level 2 spell: Ensorcelled Hibernation
   452 | D:1      | Slain by a hobgoblin

Illustrated notes

Levels and vault maps discovered:
D:1:      lemuel_arrival_tunnels, layout_basic

Skill      XL: |  1 |
---------------+----+-----
Unarmed Combat | 2 |  2.1
Dodging        | |  2.6
Stealth        | |  4.0
Spellcasting   | |  2.0
Hexes          | |  4.4

Action                   || total
-------------------------++-------
Melee: Unarmed           ||    27
       Bite              ||     2
 Stab: Sleeping          ||     3
Dodge: Dodged            ||    25
